[Event "Bhopal GM Open 2018"]
[Site "Bhopal"]
[Date "2018.12.22"]
[Round "3"]
[White "Raahul V S"]
[Black "Vignesh N"]
[Result "1-0"]
[ECO "A20"]
[WhiteElo "2381"]
[BlackElo "1852"]
[Annotator "NA"]
[PlyCount "63"]
[EventDate "2018.12.21"]
[EventType "swiss"]
[EventCountry "IND"]
[SourceTitle "playchess.com"]
[Source "ChessBase"]
[SourceQuality "1"]
[TimeControl "5400+30"]

1. c4 e5 2. g3 Nc6 3. Bg2 f5 4. Nc3 Nf6 5. e3 d5 6. Nxd5 Nxd5 {[%emt 0:00:12] A25: English Opening vs King's Indian with ...Nc6 but without early d3} 7. cxd5 ({Of course not} 7. Bxd5 Nb4 $15) 7... Nb4 8. d3 c6 {[%emt 0:05:27] LiveBook: 8 Games} (8... Nxd5 9. Nf3 Bb4+ 10. Bd2 Bxd2+ 11. Qxd2 Qd6 12. O-O O-O 13. e4 Ne7 14. d4 fxe4 15. Nxe5 {1-0 (50) Kramnik,V (2799)-Bartel,M (2674) Dortmund 2012 CBM 150 [Marin,M]}) 9. Ne2 cxd5 $146 ({Predecessor:} 9... Nxd5 $11 10. O-O Be6 11. a3 Bd6 12. e4 fxe4 13. dxe4 Nb6 14. Bg5 {½-½ (37) Breahna,R (2461)-Spitz,P (2555) ICCF email 2005}) 10. O-O Be7 11. Qb3 Be6 (11... e4 $14) 12. f4 Qc8 (12... Qd7 $16 {was called for.}) 13. fxe5 d4 14. Qa4+ Bd7 {[%emt 0:00:23] [#]} 15. Qd1 $1 Nc2 16. Rb1 dxe3 17. Nc3 Bc5 18. Kh1 Nd4 19. Bxe3 Bc6 20. Qd2 (20. Bxd4 $18 {and White stays clearly on top.} Bxd4 21. Nd5) 20... b6 $2 (20... O-O $16 {holds on.}) 21. b4 Bxg2+ 22. Qxg2 {[%emt 0:00:12] N} Ne2 23. Nb5 {[%emt 0:00:50] B} Be7 24. Rb2 O-O 25. Rxe2 Qd7 {[%emt 0:00:16] [#]} 26. Nd6 $1 Qe6 {[%emt 0:02:43] [#]} 27. Nxf5 $1 Bxb4 28. d4 Rad8 29. Ref2 Rd7 30. Bd2 Ba3 31. Qf3 Rdf7 32. Qxa3 1-0

[Event "Bhopal GM Open 2018"]
[Site "Bhopal"]
[Date "2018.12.23"]
[Round "4"]
[White "Rathnakaran, K.."]
[Black "Chandreyee, Hajra"]
[Result "1-0"]
[ECO "B10"]
[WhiteElo "2366"]
[BlackElo "1933"]
[Annotator "NA"]
[PlyCount "79"]
[EventDate "2018.12.21"]
[EventType "swiss"]
[EventCountry "IND"]
[SourceTitle "playchess.com"]
[Source "ChessBase"]
[SourceQuality "1"]
[TimeControl "5400+30"]

1. e4 c6 2. d3 d5 3. Nd2 e5 4. Ngf3 Bd6 5. g3 Nf6 6. Bg2 O-O 7. O-O Be6 {[%emt 0:04:11] LiveBook: 6 Games. B10: Caro-Kann: 2 d3 and 2 c4} (7... Re8 8. Re1 Nbd7 9. c3 h6 10. Qc2 Nf8 11. b3 Ng6 12. Bb2 Bg4 13. h3 Be6 14. Rad1 Qc7 15. Nf1 Rad8 16. Ne3 Qc8 17. Kh2 {0-1 (39) Mamedyarov,S (2799)-Grischuk,A (2772) Huaian 2017}) 8. Ng5 $146 ({Predecessor:} 8. b3 Nbd7 9. Bb2 Re8 10. Re1 Qc7 11. Qe2 h6 12. h3 Rad8 13. a3 a5 14. Nh4 b5 15. a4 {1-0 (64) Pancevski,F (2498)-Ioannidis,E (2296) Thessaloniki 2018}) 8... Bg4 9. f3 Bc5+ {[%emt 0:03:44] Black is better.} 10. Kh1 Bh5 11. g4 Bg6 12. Nb3 Be7 13. Nh3 dxe4 14. fxe4 Qd7 15. Nf2 Na6 16. Be3 h5 (16... h6 $11) 17. gxh5 $14 Bxh5 18. Bf3 Bxf3+ (18... Bg6 $1 $14) 19. Qxf3 $16 c5 (19... g6 $16 {was necessary.}) 20. Rg1 $18 Kh7 {Accuracy: White = 74%, Black = 25%.} (20... Rfc8 $142 21. Qg3 g6) 21. Rg5 Rh8 22. Rag1 g6 23. Ng4 Kg7 24. Nxe5 Qe6 25. Bf4 Rh3 26. Qg2 Nh5 27. Rf5 Nxf4 28. Rxf4 Rxh2+ 29. Qxh2 Bd6 30. Rxf7+ Qxf7 31. Qh6+ Kxh6 32. Nxf7+ Kg7 33. Nxd6 Nb4 34. Rg2 b6 35. d4 Rd8 36. dxc5 bxc5 37. Rd2 Rh8+ 38. Kg2 Rh5 39. a3 Nc6 40. Rd5 1-0

[Event "Bhopal GM Open 2018"]
[Site "Bhopal"]
[Date "2018.12.23"]
[Round "4"]
[White "Tran, Minh Thang"]
[Black "Sri Sai Baswanth P"]
[Result "1-0"]
[ECO "A04"]
[WhiteElo "2342"]
[BlackElo "1921"]
[Annotator "NA"]
[PlyCount "49"]
[EventDate "2018.12.21"]
[EventType "swiss"]
[EventCountry "IND"]
[SourceTitle "playchess.com"]
[Source "ChessBase"]
[SourceQuality "1"]
[TimeControl "5400+30"]

1. Nf3 f5 2. b3 Nf6 3. Bb2 e6 4. h3 (4. g3 b6 5. Bg2 Bb7 6. d3 g6 7. Nbd2 Bg7 8. c4 O-O 9. O-O Qe7 10. Rb1 c5 11. e3 d6 12. d4 {½-½ (59) Rakhmanov,A (2620)-Anton Guijarro,D (2635) Linares 2015}) 4... Be7 $146 ({Predecessor:} 4... d6 5. d4 Nc6 6. Rg1 Be7 7. g4 fxg4 8. hxg4 e5 9. dxe5 Nxg4 10. exd6 Bh4 11. Nxh4 Qxh4 {0-1 (60) Borgo,G (2442)-Lucaroni,M (2289) Bratto 2008}) 5. g4 O-O 6. e3 {[%emt 0:02:44] A04: Unusual lines after 1 Nf3 and King's Indian Attack} d5 7. gxf5 exf5 8. Rg1 {[%emt 0:00:15] White has an edge.} Nc6 9. Nc3 Kh8 10. Ne2 Be6 (10... Bd6 $11 {remains equal.}) 11. Nf4 $16 Qd7 12. Bb5 Bd6 13. Ne5 Bxe5 14. Bxe5 Rae8 15. Bxc6 Qxc6 16. Qf3 Bd7 17. Bd4 Qd6 18. O-O-O {[%emt 0:06:42] Precision: White = 73%, Black = 45%.} ({Inferior is} 18. Bxa7 b6 $17) 18... Rf7 19. Nh5 Nxh5 20. Qxh5 Ree7 21. f4 Be8 22. Rg5 Qe6 23. Rdg1 Rf6 24. Qh4 Rff7 25. Rh5 1-0

[Event "Bhopal GM Open 2018"]
[Site "Bhopal"]
[Date "2018.12.23"]
[Round "4"]
[White "Dinesh Kumar Jaganathan"]
[Black "Raahul V S"]
[Result "1/2-1/2"]
[ECO "A31"]
[WhiteElo "1969"]
[BlackElo "2381"]
[Annotator "NA"]
[PlyCount "75"]
[EventDate "2018.12.21"]
[EventType "swiss"]
[EventCountry "IND"]
[SourceTitle "playchess.com"]
[Source "ChessBase"]
[SourceQuality "1"]
[TimeControl "5400+30"]

1. Nf3 Nf6 2. c4 c5 3. d4 cxd4 4. Nxd4 Nc6 5. Nc3 g6 6. e4 Bg7 {[%emt 0:00:06] LiveBook: 695 Games} 7. Nxc6 {[%emt 0:04:13] B36: Sicilian: Maroczy Bind: Gurgenidze System} (7. Be3 d6 8. Be2 O-O 9. O-O Bd7 10. Qd2 Nxd4 11. Bxd4 Bc6 12. f3 a5 13. b3 Nd7 14. Be3 Nc5 15. Rab1 Qb6 16. Rfc1 Rfc8 17. Bf1 Qb4 18. Qb2 Qb6 19. Kh1 h5 20. a3 Qd8 21. Rd1 b6 22. Qd2 Kh7 23. Ne2 Ne6 24. Nc3 Nc5 25. Nd5 {1-0 (61) Bu,X (2730)-Savchenko,B (2566) Riadh 2017}) 7... bxc6 8. e5 Ng8 $1 9. Bf4 {[%emt 0:00:50] The position is equal.} Qa5 10. Qd4 (10. Qe2 $11) 10... d6 $146 ({Predecessor:} 10... Rb8 $15 11. O-O-O d6 (11... Nh6 12. Bd3 O-O 13. Rhe1 d6 14. Qe3 Ng4 15. Qf3 Nxe5 16. Bxe5 Bxe5 17. Bb1 Bxc3 18. Qxc3 Qxc3+ 19. bxc3 Re8 20. Rxd6 {½-½ (20) Matysek,A-Szopa,J Slask 1996})) 11. c5 $1 $11 d5 (11... g5 $11 12. Bg3 (12. Bxg5 Bxe5 13. Qd2 Rb8 $15) 12... Rb8) 12. b4 $36 {[%emt 0:01:16] White fights for an advantage.} Qc7 13. b5 {[%emt 0:02:49] Threatens to win with bxc6.} e6 14. b6 (14. Bd3 $16) 14... Qb8 (14... Qe7 $142) 15. Rb1 $11 Bb7 16. Bd3 a6 $2 {[%emt 0:08:46] [#]} (16... Ne7 $11 {and Black is okay.}) 17. h4 $18 {[%emt 0:00:09] White is clearly better.} Ne7 18. h5 O-O 19. g4 {[%emt 0:07:16] Accuracy: White = 47%, Black = 30%.} f6 20. exf6 Bxf6 21. Qxf6 Rxf6 22. Bxb8 Rxb8 23. Rb4 Rbf8 24. Ra4 Rf4 25. hxg6 Nxg6 26. Bxg6 hxg6 27. g5 Rxa4 28. Nxa4 Rf4 29. Nb2 Rb4 30. Nd1 Rc4 31. Rh6 Kg7 32. Ne3 Re4 33. Kd2 Ra4 34. f3 Rxa2+ 35. Ke1 Ra1+ 36. Kf2 Ra2+ 37. Ke1 Ra3 38. Kf2 1/2-1/2

[Event "Bhopal GM Open 2018"]
[Site "Bhopal"]
[Date "2018.12.23"]
[Round "4"]
[White "Pandey Srishti"]
[Black "Anuj Shrivatri"]
[Result "1/2-1/2"]
[ECO "C27"]
[WhiteElo "1825"]
[BlackElo "2357"]
[Annotator "NA"]
[PlyCount "144"]
[EventDate "2018.12.21"]
[EventType "swiss"]
[EventCountry "IND"]
[SourceTitle "playchess.com"]
[Source "ChessBase"]
[SourceQuality "1"]
[TimeControl "5400+30"]

1. e4 e5 2. Nc3 Nf6 3. Bc4 Nxe4 4. Qh5 Nd6 5. Bb3 Nc6 6. Nb5 g6 7. Qf3 f5 8. Qd5 Qe7 9. Nxc7+ Kd8 10. Nxa8 b6 11. d3 {[%emt 0:02:40] LiveBook: 13 Games. C27: Vienna Game: 2...Nf6 3 Bc4 Nxe4} (11. Ne2 $18) (11. Qf3 Bb7 12. Nxb6 Nd4 13. Qh3 axb6 14. c3 Ne6 15. Bxe6 Qxe6 16. Ne2 g5 17. d4 g4 18. Qh4+ Kc8 19. dxe5 Bxg2 {1-0 (65) Zhao,J (2552)-Schneider,D (2502) Richardson 2007}) 11... Nd4 12. h4 ({Predecessor:} 12. Nh3 $146 f4 13. Nxb6 axb6 14. Qa8 Kc7 15. Bd5 Nxc2+ 16. Ke2 Nb5 17. Bd2 Nbd4+ 18. Kd1 Nxa1 {1-0 (41) Roebuck,D (2305)-Latal,F (2115) ICCF email 2016}) 12... f4 13. Bxf4 exf4+ 14. Kf1 Ne6 15. Qf3 Nd4 16. Qxf4 Bg7 17. Re1 Qf6 18. Qxf6+ Bxf6 19. c3 Nxb3 20. axb3 Bb7 21. Nxb6 axb6 22. h5 g5 23. Ne2 Nf5 24. Ng3 Nxg3+ 25. fxg3 h6 26. Kg1 Bd5 27. b4 Bf7 28. Kf2 Rf8 29. g4 Be6 30. Kg3 Be7 31. Rhf1 Bd6+ 32. Kh3 Rf4 33. Rxf4 Bxf4 34. Ra1 Bb8 35. c4 Be5 36. Ra8+ Ke7 37. b3 Bc3 38. b5 Kd6 39. Rc8 Ke5 40. Rh8 Kf4 41. Rxh6 Bxg4+ 42. Kh2 Be6 43. Rh7 Kf5 44. Re7 Kf6 45. Re8 Bf7 46. Rh8 Ke7 47. Rc8 Bxh5 48. c5 Be5+ 49. Kh1 Bd4 50. cxb6 Bxb6 51. Rb8 Bc7 52. Rc8 Kd6 53. Rg8 Be2 54. Rg6+ Kc5 55. Rxg5+ Kb6 56. Rd5 d6 57. b4 Bd1 58. Kg1 Bb3 59. Rf5 Bc2 60. Rd5 Bb3 61. Rh5 Bc2 62. d4 Be4 63. Kf2 d5 64. g4 Kxb5 65. Ke3 Kxb4 66. Rh8 Bb6 67. Rb8 Kb5 68. g5 Kc6 69. Rf8 Kd7 70. Rf7+ Ke8 71. Rb7 Ba5 72. Ra7 Bb4 1/2-1/2

[Event "Bhopal GM Open 2018"]
[Site "Bhopal"]
[Date "2018.12.24"]
[Round "5"]
[White "Jinan Jomon"]
[Black "Hemanth Raam"]
[Result "0-1"]
[ECO "C47"]
[WhiteElo "1795"]
[BlackElo "2032"]
[Annotator "NA RC"]
[PlyCount "54"]
[EventDate "2018.12.21"]
[EventType "swiss"]
[EventCountry "IND"]
[SourceTitle "playchess.com"]
[Source "ChessBase"]
[SourceQuality "1"]
[TimeControl "5400+30"]

1. e4 e5 2. Nf3 Nc6 3. Nc3 Nf6 4. d4 exd4 5. Nxd4 Bb4 6. Nxc6 bxc6 7. Bd3 Bxc3+ 8. bxc3 h6 9. e5 Nd5 10. Qg4 Kf8 11. Qg3 Ne7 (11... h5 $16 {was necessary.}) 12. Ba3 Kg8 13. c4 d6 $16 14. exd6 Nf5 15. Bxf5 Bxf5 16. dxc7 Qe8+ 17. Kf1 Qe4 18. Kg1 Qxc2 19. Rc1 Qxa2 20. h4 Kh7 21. Bd6 Rhe8 22. Kh2 Re2 23. Bc5 Re4 24. f3 Rxc4 25. Ra1 Qb2 26. Bxa7 Qf6 27. Bf2 Rxa1 0-1

[Event "Bhopal GM Open 2018"]
[Site "Bhopal"]
[Date "2018.12.24"]
[Round "5"]
[White "Shreyash Shuvam Patnaik"]
[Black "Himanshu Ranjan"]
[Result "1/2-1/2"]
[ECO "C06"]
[WhiteElo "1691"]
[BlackElo "2060"]
[Annotator "NA RC"]
[PlyCount "84"]
[EventDate "2018.12.21"]
[EventType "swiss"]
[EventCountry "IND"]
[SourceTitle "playchess.com"]
[Source "ChessBase"]
[SourceQuality "1"]
[TimeControl "5400+30"]

1. e4 e6 2. d4 d5 3. Nd2 Nf6 4. e5 Nfd7 5. c3 c5 6. Bd3 Nc6 7. Ne2 cxd4 8. cxd4 f6 9. exf6 Nxf6 10. Nf3 Bd6 11. O-O O-O 12. a3 e5 13. dxe5 Nxe5 14. Nxe5 Bxe5 15. h3 Qb6 16. Nc3 Be6 {[%emt 0:15:44] C06: French Tarrasch: 3...Nf6 4 e5 Nfd7 5 Bd3 main lines} (16... Bxc3 17. bxc3 Bd7 18. Rb1 Qc7 19. Qb3 Bc6 20. Be3 Kh8 21. Rfe1 b6 22. Bd4 Ne4 23. Qc2 Qf4 24. Re3 Qxf2+ 25. Qxf2 Nxf2 {1-0 (34) Marholev,D (2413)-Boj Marques,J (1836) Albacete 2009}) 17. Kh1 $146 ({Predecessor:} 17. Na4 $11 Qc7 (17... Qd4 18. Be3 Qh4 19. f4 Bd6 20. Nc5 Bxh3 21. Bf2 Qxf4 22. g3 Qg5 23. Qc1 Qh5 24. Qd1 Bg4 25. Qc2 Bf3 26. Bd4 Qh1+ 27. Kf2 Qg2+ 28. Ke3 Ng4# {0-1 (26) Shmarina,D (1757)-Belova,A (1970) Rybinsk 2008}) 18. Be3) 17... Rac8 18. Rb1 (18. Re1 $11 Bb8 19. Be3) 18... Bb8 19. Be3 Qd6 20. f4 Qd7 21. Bb5 Qd8 22. Bd3 Qd7 23. Bb5 Qf7 24. Bd3 Nh5 25. Qe1 (25. Rf3 $11 {keeps the balance.}) 25... d4 26. Bxd4 Bxf4 (26... Rcd8 $5 27. Ne2 Bxh3 $15) 27. Ne2 Bxh3 (27... Qd7 $11 {remains equal.}) 28. Nxf4 Nxf4 29. gxh3 Qh5 {[%emt 0:00:43] [#]} 30. Qe3 $1 Nxh3 31. Bc4+ Kh8 32. Bxg7+ Kxg7 33. Qc3+ Kh6 34. Rf6+ Rxf6 35. Qxf6+ Qg6 36. Qh4+ Kg7 37. Qd4+ Kh6 38. Rf1 Rc6 $1 39. Bd3 $11 Qg3 40. Rf6+ Kg5 41. Rf5+ Kh6 42. Rf6+ Kg5 1/2-1/2

[Event "Bhopal GM Open 2018"]
[Site "Bhopal"]
[Date "2018.12.27"]
[Round "9"]
[White "Aleksandrov, Aleksej"]
[Black "Dahale, Atul"]
[Result "1-0"]
[ECO "A45"]
[WhiteElo "2590"]
[BlackElo "2069"]
[Annotator "RC"]
[PlyCount "64"]
[EventDate "2018.12.21"]
[EventType "swiss"]
[EventCountry "IND"]
[SourceTitle "playchess.com"]
[Source "ChessBase"]
[SourceQuality "1"]
[TimeControl "5400+30"]

1. d4 Nf6 2. Bg5 g6 3. Bxf6 exf6 4. c4 Bg7 5. e3 O-O 6. Nc3 f5 7. g3 d6 8. Bg2 Nd7 9. Nge2 Nf6 10. O-O c6 11. b4 Be6 12. Qd3 d5 13. c5 b5 14. a4 a6 15. Ra3 h5 16. Rfa1 Rc8 17. axb5 axb5 18. h4 Bd7 19. Nf4 Re8 20. Ra7 Rc7 21. Qc2 Ne4 22. Nce2 Nf6 23. Qa2 Kf8 24. Nd3 Bc8 25. Qa5 Rxa7 26. Qxa7 Re7 27. Qb8 Qc7 28. Qa8 Qb7 29. Ne5 Qxa8 30. Rxa8 Rc7 31. Nc3 Ke7 32. Ra7 Kf8 1-0

[Event "Bhopal GM Open 2018"]
[Site "Bhopal"]
[Date "2018.12.27"]
[Round "9"]
[White "Tran, Tuan Minh"]
[Black "Deviatkin, Andrei"]
[Result "1-0"]
[ECO "A40"]
[WhiteElo "2524"]
[BlackElo "2464"]
[Annotator "RC"]
[PlyCount "69"]
[EventDate "2018.12.21"]
[EventType "swiss"]
[EventCountry "IND"]
[SourceTitle "playchess.com"]
[Source "ChessBase"]
[SourceQuality "1"]
[TimeControl "5400+30"]

1. d4 e6 2. c4 g6 3. Nc3 Bg7 4. e4 Ne7 5. Nf3 d5 6. e5 h6 7. h4 b6 8. Bf4 Bb7 9. Qd2 Nbc6 10. c5 bxc5 11. dxc5 g5 12. hxg5 hxg5 13. Rxh8+ Bxh8 14. Bxg5 Nxe5 15. Nxe5 Bxe5 16. f4 Bh8 17. O-O-O Qd7 18. Qc2 f6 19. Bh4 O-O-O 20. g4 e5 21. fxe5 fxe5 22. c6 Nxc6 23. Bxd8 Nd4 24. Qg6 Qxd8 25. Ba6 Bf6 26. Bxb7+ Kxb7 27. Qf7 Kc6 28. Kb1 Bg5 29. a4 a6 30. Rh1 Bd2 31. Rd1 Bf4 32. Rd3 Kc5 33. Nxd5 Qxd5 34. Qxc7+ Kb4 35. Qb6+ {[%emt 0:00:12] Qd6} 1-0

[Event "Bhopal GM Open 2018"]
[Site "Bhopal"]
[Date "2018.12.27"]
[Round "9"]
[White "Vignesh N R"]
[Black "Subrota, Biswas"]
[Result "1-0"]
[ECO "B18"]
[WhiteElo "2455"]
[BlackElo "2171"]
[Annotator "RC"]
[PlyCount "98"]
[EventDate "2018.12.21"]
[EventType "swiss"]
[EventCountry "IND"]
[SourceTitle "playchess.com"]
[Source "ChessBase"]
[SourceQuality "1"]
[TimeControl "5400+30"]

1. e4 c6 2. d4 d5 3. Nd2 dxe4 4. Nxe4 Bf5 5. Ng3 Bg6 6. h4 h6 7. Nf3 e6 8. Ne5 Bh7 9. Bd3 Bxd3 10. Qxd3 Nd7 11. Bf4 Qa5+ 12. c3 Ngf6 13. Nc4 Qd5 14. O-O Be7 15. Ne3 Qa5 16. Rfe1 Nh5 17. Nxh5 Qxh5 18. Nf5 Kf8 19. Nxe7 Kxe7 20. Qg3 Nf6 21. Bd6+ Kd7 22. Qxg7 Ng4 23. d5 cxd5 24. Bg3 e5 25. f3 Rag8 26. fxg4 Rxg7 27. gxh5 Rxg3 28. Rxe5 Kd6 29. Re2 Rg4 30. Rf1 Rh7 31. Rf6+ Kc5 32. Re7 b6 33. Rxa7 Rhg7 34. Rc7+ Kb5 35. Rf2 Rxh4 36. Rf5 Ka6 37. Rxd5 Rhg4 38. Rd2 R7g5 39. Rxf7 Rxh5 40. Rf6 Ka5 41. b3 Rg3 42. c4 b5 43. cxb5 Kxb5 44. Rdf2 Kb4 45. R6f4+ Kc3 46. R4f3+ Rxf3 47. Rxf3+ Kb4 48. Rh3 Ra5 49. Rxh6 Rxa2 1-0

[Event "Bhopal GM Open 2018"]
[Site "Bhopal"]
[Date "2018.12.27"]
[Round "9"]
[White "Shyaamnikhil P"]
[Black "Nguyen, Van Huy"]
[Result "1/2-1/2"]
[ECO "B18"]
[WhiteElo "2448"]
[BlackElo "2438"]
[Annotator "NA RC"]
[PlyCount "105"]
[EventDate "2018.12.21"]
[EventType "swiss"]
[EventCountry "IND"]
[SourceTitle "playchess.com"]
[Source "ChessBase"]
[SourceQuality "1"]
[TimeControl "5400+30"]

1. e4 c6 2. Nc3 d5 3. d4 dxe4 4. Nxe4 Bf5 5. Qf3 e6 {[%emt 0:00:48] LiveBook: 74 Games} 6. c3 {[%emt 0:06:46] B18: Classical Caro-Kann: 4...Bf5 sidelines} (6. Ne2 Bxe4 7. Qxe4 Nf6 8. Qf3 Qb6 9. g3 c5 10. Bg2 Nc6 11. dxc5 Bxc5 12. O-O O-O 13. Bg5 {½-½ (13) Demchenko,A (2629)-Tomashevsky,E (2696) Minsk 2017}) 6... Be7 7. Ne2 Bxe4 8. Qxe4 Nf6 9. Qc2 O-O $146 ({Predecessor:} 9... Nbd7 10. g3 O-O 11. Bg2 Qc7 12. O-O Rad8 13. c4 e5 {1-0 (24) Benoit,R (2064)-Guerrero,A (2201) Montevideo 2015}) 10. Nf4 c5 11. dxc5 e5 12. Nh3 Bxc5 13. Be2 h6 14. g4 e4 15. g5 hxg5 16. Bxg5 Nc6 17. Rg1 Re8 18. Rg3 Ne5 19. Kf1 Ng6 20. Rd1 Qb6 21. b4 (21. Qb3 $14) 21... Bd6 22. Be3 Qc7 23. Rxg6 fxg6 24. Qb3+ Kh8 25. c4 Nh7 26. c5 Be5 27. Ng5 Nxg5 28. Bxg5 Qc8 29. Bb5 Qg4 30. Bxe8 Rxe8 31. Be3 {[%emt 0:02:45] [#]} (31. Re1 $11 {keeps the balance.}) 31... Bxh2 (31... Bc3 $1 $17 32. Qa4 (32. Qxc3 Qxd1+) 32... Rf8) 32. Rd5 Rf8 33. Qd1 $1 Qh4 34. Qd4 $1 Kh7 35. Ke1 Rf3 36. Kd1 Qg4 37. Kc2 Rf7 38. Qd1 Qe6 39. Kb1 Bc7 40. Rd4 Qf5 41. Qh1+ Qh5 42. Qxe4 a5 43. b5 Be5 44. Rd5 Rf5 45. Qc2 (45. Qc4 $18) 45... Qf3 {[%emt 0:00:50] [#]} (45... Qg4 $11) 46. Rd1 (46. Qc4 $1 $16) 46... Bf6 47. a4 $11 Rh5 48. Rg1 Rh4 49. Qxg6+ Kh8 50. Qe8+ Kh7 51. Qg6+ Kh8 52. Qe8+ Kh7 53. Qg6+ 1/2-1/2

[Event "Bhopal GM Open 2018"]
[Site "Bhopal"]
[Date "2018.12.27"]
[Round "9"]
[White "Manik, Mikulas"]
[Black "Purushothaman, Thirumalai"]
[Result "1-0"]
[ECO "B90"]
[WhiteElo "2410"]
[BlackElo "2169"]
[Annotator "RC"]
[PlyCount "51"]
[EventDate "2018.12.21"]
[EventType "swiss"]
[EventCountry "IND"]
[SourceTitle "playchess.com"]
[Source "ChessBase"]
[SourceQuality "1"]
[TimeControl "5400+30"]

1. e4 c5 2. Nf3 d6 3. d4 cxd4 4. Nxd4 Nf6 5. Nc3 a6 6. h3 e6 7. g4 d5 8. Nde2 Bb4 9. a3 Bxc3+ 10. Nxc3 Nxe4 11. Nxe4 dxe4 12. Qxd8+ Kxd8 13. Bg2 Bd7 14. Bf4 Bc6 15. O-O-O+ Nd7 16. Rhe1 Ke7 17. Bd6+ Kf6 18. Bxe4 Rac8 19. g5+ Kxg5 20. Be7+ Nf6 21. Rg1+ Kh6 22. Bxc6 Rxc6 23. Rd4 Nh5 24. Bg5+ Kg6 25. Rh4 Nf6 26. Be3+ 1-0

[Event "Bhopal GM Open 2018"]
[Site "Bhopal"]
[Date "2018.12.27"]
[Round "9"]
[White "Raahul V S"]
[Black "Vaibhav Jayant Raut"]
[Result "1-0"]
[ECO "A10"]
[WhiteElo "2381"]
[BlackElo "2005"]
[Annotator "NA RC"]
[PlyCount "83"]
[EventDate "2018.12.21"]
[EventType "swiss"]
[EventCountry "IND"]
[SourceTitle "playchess.com"]
[Source "ChessBase"]
[SourceQuality "1"]
[TimeControl "5400+30"]

1. c4 b6 2. Nc3 Bb7 3. e4 e5 {[%emt 0:00:02] A10: English Opening: Unusual Replies for Black} 4. Nf3 Nc6 5. Be2 Nf6 {LiveBook: 8 Games} 6. O-O Bc5 7. Nxe5 Nxe5 8. d4 Nc6 $146 ({Predecessor:} 8... Bd6 9. dxe5 Bxe5 10. f3 Bxc3 11. bxc3 d6 12. Bg5 {0-1 (29) Gasanov,E (2482)-Bogdanovich,S (2593) Omelnyk 2017}) 9. dxc5 bxc5 10. Bg5 h6 11. Bh4 g5 12. Bg3 d6 13. f4 Nd4 14. Bd3 Nd7 15. Nd5 c6 16. Ne3 Qe7 $18 17. fxg5 hxg5 18. Nf5 Nxf5 19. Rxf5 Ne5 20. Qd2 f6 21. Raf1 Rf8 22. Bxe5 dxe5 23. Qf2 O-O-O 24. Bc2 Qd6 25. Rxf6 Rxf6 26. Qxf6 Qd4+ 27. Kh1 Qxc4 28. Qf5+ Kb8 29. Qxe5+ Ka8 30. Qf6 Rc8 31. Bb1 g4 32. b3 Qe2 33. Qf2 Qxf2 34. Rxf2 Rd8 35. Rf1 Ba6 36. Re1 c4 37. e5 Re8 38. e6 Re7 39. Bf5 cxb3 40. axb3 g3 41. h4 Bc8 42. h5 1-0

[Event "Bhopal GM Open 2018"]
[Site "Bhopal"]
[Date "2018.12.27"]
[Round "9"]
[White "Anuj Shrivatri"]
[Black "Movsziszian, Karen"]
[Result "1/2-1/2"]
[ECO "A04"]
[WhiteElo "2357"]
[BlackElo "2505"]
[Annotator "RC"]
[PlyCount "61"]
[EventDate "2018.12.21"]
[EventType "swiss"]
[EventCountry "IND"]
[SourceTitle "playchess.com"]
[Source "ChessBase"]
[SourceQuality "1"]
[TimeControl "5400+30"]

1. Nf3 d6 2. d4 Nf6 3. c3 Nbd7 4. Bg5 h6 5. Bh4 e5 6. Nbd2 Be7 7. dxe5 dxe5 8. e4 O-O 9. Qc2 Nh5 10. Bg3 Nxg3 11. hxg3 c6 12. Nc4 Qc7 13. g4 Nf6 14. g5 hxg5 15. g3 g4 16. Nfxe5 Re8 17. f4 gxf3 18. O-O-O Ng4 19. Nxg4 Bxg4 20. e5 Bg5+ 21. Kb1 Bh6 22. Rh4 Be6 23. Nd6 Qa5 24. Bc4 Qxe5 25. Re4 Qxg3 26. Nxe8 Rxe8 27. Bxe6 fxe6 28. Qd3 e5 29. Qc4+ Kh7 30. Qf7 Qg6 31. Qxf3 1/2-1/2

[Event "Bhopal GM Open 2018"]
[Site "Bhopal"]
[Date "2018.12.27"]
[Round "9"]
[White "Tran, Minh Thang"]
[Black "Alan Diviya Raj"]
[Result "1-0"]
[ECO "A01"]
[WhiteElo "2342"]
[BlackElo "2047"]
[Annotator "NA RC"]
[PlyCount "103"]
[EventDate "2018.12.21"]
[EventType "swiss"]
[EventCountry "IND"]
[SourceTitle "playchess.com"]
[Source "ChessBase"]
[SourceQuality "1"]
[TimeControl "5400+30"]

1. b3 e5 2. Bb2 Nc6 3. c4 g6 4. Nc3 Bg7 5. g3 f5 6. Bg2 Nf6 7. e3 O-O 8. Nge2 d6 9. O-O Ne7 {[%emt 0:05:36] A25: English Opening vs King's Indian with ...Nc6 but without early d3} (9... e4 10. d3 exd3 11. Qxd3 Be6 12. Rad1 Bf7 13. Qd2 g5 14. Nd4 Nxd4 15. exd4 f4 16. Bxb7 Rb8 17. Bg2 {0-1 (60) Lai,H (2557)-Fier,A (2493) Amsterdam 2017}) 10. d4 c6 11. Ba3 Qc7 (11... e4 $11 {and Black stays safe.}) 12. dxe5 dxe5 13. Qd6 $146 ({Predecessor:} 13. Bd6 Qd8 14. Bxe5 Be6 15. Qxd8 {½-½ (15) Wijesinghe,D (2170)-Dehigama,D (2040) Negombo 2003}) 13... Qxd6 14. Bxd6 Kf7 15. Bxe5 Be6 16. Nf4 Rfe8 17. Bd4 g5 18. Nxe6 Kxe6 19. b4 Bf8 (19... Kf7 $142 20. Rfd1 Red8) 20. e4 Red8 21. Rad1 Ng6 22. exf5+ Kxf5 23. b5 Ne7 24. Rfe1 cxb5 25. Ne4 Ne8 26. cxb5 Nd5 27. Nc5 Bxc5 28. Re5+ Kg6 29. Bxc5 Nc3 30. Rde1 Nc7 31. Be7 Rd2 32. Rxg5+ Kf7 33. Bb4 Ne2+ 34. Kf1 Rb2 35. Ba5 Ne6 36. Re5 N6d4 37. Bxb7 Rf8 38. Bc6 $18 a6 39. R5xe2 Nxe2 40. Rxe2 Rxe2 41. Kxe2 axb5 42. Bxb5 Ra8 43. Bd2 Kg6 44. a4 Kh5 45. a5 Kg4 46. h4 Rb8 47. Bd7+ Kh5 48. a6 Rb2 49. a7 Ra2 50. Kf3 Kg6 51. Be3 h5 52. Bc6 1-0

[Event "Bhopal GM Open 2018"]
[Site "Bhopal"]
[Date "2018.12.27"]
[Round "9"]
[White "Sahoo, Utkal Ranjan"]
[Black "Khusenkhojaev, Muhammad"]
[Result "1-0"]
[ECO "D27"]
[WhiteElo "2286"]
[BlackElo "2455"]
[Annotator "RC"]
[PlyCount "85"]
[EventDate "2018.12.21"]
[EventType "swiss"]
[EventCountry "IND"]
[SourceTitle "playchess.com"]
[Source "ChessBase"]
[SourceQuality "1"]
[TimeControl "5400+30"]

1. d4 d5 2. c4 dxc4 3. Nf3 Nf6 4. e3 e6 5. Bxc4 c5 6. O-O a6 7. dxc5 Qxd1 8. Rxd1 Bxc5 9. Be2 O-O 10. Nbd2 Rd8 11. Nb3 Rxd1+ 12. Bxd1 Bd6 13. Nfd2 Nbd7 14. Nc4 Be7 15. Bf3 e5 16. Bd2 e4 17. Be2 b6 18. Rc1 Bf8 19. Bc3 Nd5 20. Bd4 a5 21. a4 f5 22. f3 Nc5 23. Nxb6 Nxb3 24. Bc4 Nxc1 25. Bxd5+ Kh8 26. Bxa8 Ne2+ 27. Kf2 Nxd4 28. exd4 Be6 29. fxe4 fxe4 30. Bxe4 Bd6 31. Bd5 Bc7 32. Na8 Bxd5 33. Nxc7 Bb3 34. d5 Kg8 35. Ke3 Kf7 36. Kd4 Bxa4 37. Kc5 Bc2 38. d6 g5 39. Nd5 Ke6 40. Nb6 Be4 41. g3 h5 42. Nc4 a4 43. Nb6 1-0